 Dungeon Crawl Stone Soup version 0.31-a0-771-g505c3d19dc (webtiles) character file.

Game seed: 8236227985053220885

253290 thriggle the Fighter (level 19, -5/151 HPs)
             Began as a Barachi Ice Elementalist on Sept 15, 2023.
             Was the Champion of Elyvilon.
             Killed by the air
             ... invoked by a spriggan air mage
              (20 damage)
             ... in a wizard's laboratory on Sept 17, 2023.
             The game lasted 05:23:57 (49556 turns).

thriggle the Fighter (Barachi Ice Elementalist)    Turns: 49556, Time: 05:23:57

Health: -5/151     AC: 23    Str: 18    XL:     19   Next: 71%
Magic:  31/34      EV: 17    Int: 19    God:    Elyvilon [******]
Gold:   732        SH:  0    Dex: 16    Spells: 2/41 levels left

rFire   . . .        e - +7 scimitar (flame)
rCold   . . .        (no shield)
rNeg    + + .        y - +3 ring mail {rN+}
rPois   +            B - +2 hat
rElec   +            l - +2 cloak
rCorr   .            p - +2 pair of gloves of Dramatic Exits {rN+ Will+ Str+3 Int-5}
SInv    .            J - +2 pair of boots
Will    +++..        V - amulet "Feucimir" {Acrobat rElec Will+ Str+2 Dex+3}
Stlth   ++++         C - +6 ring of intelligence
HPRegen 0.45/turn    G - ring of wizardry
MPRegen 0.24/turn

%: acrobat, wizardry (x1)
@: unable to hop, studying Air Magic, slow
A: amphibious, slowness 1, strong legs 2, +LOS, dopey 1, poison resistance
}: 2/15 runes: decaying, serpentine
a: Hop, Renounce Religion, Purification, Heal Other, Heal Self, Divine Vigour


You were in a wizard's laboratory.
You worshipped Elyvilon.
Elyvilon was exalted by your worship.
You visited 6 branches of the dungeon, and saw 30 of its levels.
You also visited: Gauntlet, Volcano and Wizlab.

You collected 2416 gold pieces.
You spent 1684 gold pieces at shops.

Inventory:

Hand Weapons
 e - a +7 scimitar of flaming (weapon)
 h - a +4 scimitar of protection
 X - a +2 long sword of holy wrath
Missiles
 j - 10 silver javelins
 t - 3 throwing nets
 x - 17 javelins (quivered)
 H - 43 poisoned darts
Armour
 l - a +2 cloak (worn)
 p - the +2 pair of gloves of Dramatic Exits (worn) {rN+ Will+ Str+3 Int-5}
   (You found it on level 11 of the Dungeon)

   Str+3:     It affects your strength (+3).
   Int-5:     It affects your intelligence (-5).
   rN+:       It protects you from negative energy.
   Will+:     It increases your willpower.
 r - a +2 tower shield of protection
 y - a +3 ring mail of positive energy (worn)
 B - a +2 hat (worn)
 J - a +2 pair of boots (worn)
 S - a +1 pair of gloves of hurling
 U - the +2 cloak of the Thief {*Fog Slay-2 SInv Stlth+}
   (You found it on level 14 of the Dungeon)

   *Fog:      It may release a thick cloud of smoke when the wearer is hurt.
   Slay-2:    It affects your accuracy & damage with ranged weapons and melee
   (-2).
   SInv:      It lets you see invisible.
   Stlth+:    It makes you more stealthy.
Jewellery
 c - a +5 ring of evasion
 d - the ring of Winter {rElec rF++ MP+9 Str-5 Dex-2}
   (You found it on level 5 of the Lair of Beasts)

   [ring of magical power]

   Str-5:     It affects your strength (-5).
   Dex-2:     It affects your dexterity (-2).
   rF++:      It greatly protects you from fire.
   rElec:     It insulates you from electricity.
   MP+9:      It affects your magic capacity (+9).
 i - a ring of willpower
 m - the ring "Akallutz" {+Blink Str+6 SInv}
   (You bought it in a shop on level 2 of the Orcish Mines)

   [ring of strength]

   Str+6:     It affects your strength (+6).
   SInv:      It lets you see invisible.
   +Blink:    It lets you blink.
 s - a ring of resist corrosion
 C - a +6 ring of intelligence (left hand)
 D - a ring of protection from cold
 F - a +5 ring of evasion
 G - a ring of wizardry (right hand)
 M - the amulet of the Invisible Hand {RegenMP +Inv rN+ Regen+}
   (You found it in a Gauntlet)

   [amulet of magic regeneration]

   RegenMP:   It increases your rate of magic regeneration.
   rN+:       It protects you from negative energy.
   +Inv:      It lets you turn invisible.
   Regen+:    It increases your rate of health regeneration.
 T - the amulet "Navu" {Spirit rF+}
   (You found it on level 1 of the Elven Halls)

   [amulet of guardian spirit]

   Spirit:    It causes incoming damage to be divided between your reserves of
   health and magic.
   rF+:       It protects you from fire.
 V - the amulet "Feucimir" (around neck) {Acrobat rElec Will+ Str+2 Dex+3}
   (You acquired it on level 12 of the Dungeon)

   [amulet of the acrobat]

   Acrobat:   It increases your evasion while moving and waiting.
   Str+2:     It affects your strength (+2).
   Dex+3:     It affects your dexterity (+3).
   rElec:     It insulates you from electricity.
   Will+:     It increases your willpower.
 Z - a +4 ring of protection
Wands
 f - a wand of iceblast (14)
 g - a wand of digging (11)
 k - a wand of mindburst (24)
 z - a wand of polymorph (5)
 I - a wand of flame (25)
 K - a wand of charming (3)
 Y - a wand of acid (5)
Scrolls
 a - a scroll of revelation
 o - 2 scrolls of summoning
 q - 3 scrolls of poison
 u - 5 scrolls of teleportation
 v - a scroll of fear
 A - a scroll of blinking
 L - a scroll of amnesia
 N - 13 scrolls of identify
Potions
 b - 5 potions of magic
 n - 4 potions of enlightenment
 w - 3 potions of cancellation
 E - 10 potions of curing
 O - 4 potions of invisibility
 P - a potion of brilliance
 Q - 3 potions of haste
 R - 2 potions of resistance
 W - 4 potions of mutation


   Skills:
 + Level 13.7 Fighting
 - Level 3.5(8.3) Short Blades
 + Level 12.8(13.0) Long Blades
 + Level 8.7 Throwing
 + Level 13.0 Armour
 + Level 12.4 Dodging
 + Level 10.8 Stealth
 + Level 3.1 Shields
 + Level 11.5 Spellcasting
 - Level 8.9 Conjurations
 + Level 8.7 Hexes
 + Level 13.4 Ice Magic
 + Level 11.3 Air Magic
 - Level 2.9 Poison Magic
 + Level 9.7 Invocations
 + Level 10.0 Evocations


You had 2 spell levels left.
You knew the following spells:

 Your Spells              Type           Power      Damage    Failure   Level
a - Ozocubu's Refrigerat  Ice            29%        4d13      13%         7
b - Frozen Ramparts       Ice            100%       1d16      1%          3
c - Ozocubu's Armour      Ice            58%        N/A       1%          3
d - Ensorcelled Hibernat  Hex/Ice        100%       N/A       1%          2
e - Searing Ray           Conj           90%        2d7       1%          2
f - Tukima's Dance        Hex            44%        N/A       1%          3
g - Airstrike             Air            26%        2d(4-20)  1%          4
h - Mephitic Cloud        Conj/Pois/Air  40%        N/A       1%          3
i - Fulminant Prism       Conj/Hex       22%        3d12      1%          4
j - Metabolic Englaciati  Hex/Ice        26%        N/A       1%          5
k - Swiftness             Air            52%        N/A       1%          3

Your spell library contained the following spells:

 Spells                   Type           Power      Damage    Failure   Level
 Freeze                   Ice            100%       1d10      1%          1
 Magic Dart               Conj           100%       1d8       1%          1
 Shock                    Conj/Air       100%       1d9       1%          1
 Jinxbite                 Hex            88%        N/A       1%          2
 Apportation              Tloc           20%        N/A       4%          1
 Necrotise                Necr           40%        1d6       4%          1
 Summon Small Mammal      Summ           40%        N/A       4%          1
 Call Imp                 Summ           20%        N/A       6%          2
 Lesser Beckoning         Tloc           20%        N/A       6%          2
 Passwall                 Tmut/Erth      8%         N/A       6%          2
 Wereblood                Tmut           10%        N/A       6%          2
 Hailstorm                Conj/Ice       52%        3d12      1%          3
 Sigil of Binding         Hex            44%        N/A       1%          3
 Arcjolt                  Conj/Air       24%        1d34      1%          5
 Summon Ice Beast         Ice/Summ       36%        N/A       2%          4
 Vhi's Electric Charge    Tloc/Air       64%        N/A       4%          4
 Anguish                  Hex/Necr       13%        N/A       6%          4
 Dimensional Bullseye     Hex/Tloc       13%        N/A       6%          4
 Iskenderun's Mystic Bla  Conj/Tloc      28%        2d7       6%          4
 Leda's Liquefaction      Hex/Erth       13%        N/A       6%          4
 Call Canine Familiar     Summ           10%        N/A       12%         3
 Gell's Gravitas          Tloc           10%        N/A       12%         3
 Teleport Other           Tloc           10%        N/A       12%         3
 Irradiate                Conj/Tmut      14%        3d16      16%         5
 Petrify                  Tmut/Erth      10%        N/A       34%         4
 Simulacrum               Ice/Necr       18%        N/A       34%         6
 Summon Forest            Summ/Tloc      5%         N/A       69%         5
 Maxwell's Capacitive Co  Air            26%        ∞         91%         8
 Eringya's Noxious Bog    Tmut/Pois      8%         4d6       95%         6
 Summon Hydra             Summ           5%         N/A       100%        7
 Disjunction              Tloc           5%         N/A       100%        8


Dungeon Overview and Level Annotations

Branches:
Dungeon (14/15)            Temple (0/1) D:6            Lair (5/5) D:8
  Swamp (4/4) Lair:2        Snake (4/4) Lair:3        Slime (0/5) Lair:4
    Orc (2/2) D:10            Elf (1/3) Orc:2        Vaults (0/5) D:13
Volcano (visited)          WizLab (1/1)             Gauntlet (visited)

Altars:
Elyvilon
Hepliaklqana
Makhleb
Nemelex Xobeh
Qazlal
Sif Muna
Trog
Vehumet
Jiyva

Shops:
D:9 **   D:10 :   Orc:1 *   Orc:2 !!(=:   Elf:1 =   Snake:3 !=*[:

Portals:
Pandemonium: Orc:2

Annotations:
Swamp:4 Lernaean hydra


Innate Abilities, Weirdness & Mutations

You are amphibious.
You cover ground slowly.
You can hop long distances.
You have an extended range of vision and can be seen from far away.
You are dopey. (Int -2)
Your system is resistant to poisons. (rPois)


Message History

You are poisoned.
You resist. The mana viper completely misses you.
The spriggan air mage waves its arms in wide circles.
The air twists around and strikes you.
You feel very sick.
You feel very sick. The naga mage spits poison at you.
The splash of poison hits you but does no damage.
You resist.
You feel sick.
The spriggan air mage waves its arms in wide circles.
The air twists around and strikes you!!
Hop to where?
Press: ? - help, Dir - move target Floosh!
You fall into the shallow water.
Boing!
You feel sick.
You feel sick.
You feel sick.
The spriggan air mage waves its arms in wide circles.
The air twists around and strikes you!!
* * * LOW HITPOINT WARNING * * *
Casting: Ozocubu's Refrigeration (dangerous; 13% risk of failure)
Confirm with . or Enter, or press ? or * to list all spells.
You don't have enough magic to cast this spell.
Magic courses through your body.
You feel sick. The naga mage spits poison at you.
The splash of poison hits you but does no damage.
You resist.
Casting: Ozocubu's Refrigeration (dangerous; 13% risk of failure)
Confirm with . or Enter, or press ? or * to list all spells.
Aiming: Airstrike (safe; 1% risk of failure)
Press: ? - help, Dir - move target, f - spriggan air mage
Aim: a spriggan air mage, wielding a +0 antimagic rapier and wearing +0 acid dragon scales (severely wounded, repelling missiles, empty space bonus: 5/8)
The air twists around and strikes the spriggan air mage!
The spriggan air mage is almost dead.
You feel sick.
You are no longer poisoned.
The spriggan air mage waves its arms in wide circles.
The air twists around and strikes you!!
You die...

##....## #8..8# ##....##
##......## ##........##
##...♣..♣...##
##...♣♣..♣♣...#
##.....♣..♣....#
♣......#@.#....###
♣..............♣.♣..#
♣....#.P~~P.#.......#8..8
♣...#.P~~~~P.#..#.... ...
♣......~~~~N~....♣...#8.#
♣....#.~~~~~~.#......#..#
......#.P~~~iP.#...#.... .
..♣..♣....P~~PS...♣##..# 8.
..♣..#..#....p.#..##...##.##


You could see a hell knight (fast), a spriggan air mage (repels missiles), a
mana viper and a naga mage (fast, catching breath).

Vanquished Creatures
  Mlioglotl (Swamp:3)
  Rupert (Lair:3)
  Kirke (D:12)
  A thorn hunter (Swamp:3)
  A fenstrider witch (Swamp:3)
  17 nagarajas
  Louise (Swamp:4)
  5 eleionomae
  6 bunyips
  A minotaur (Gauntlet)
  5 vault guards (D:13)
  A hell beast (Gauntlet)
  6 salamander tyrants (Snake:4)
  Harold (Orc:1)
  16 hydras
  2 demonspawn (Orc:2)
  5 two-headed ogres
  2 ogre magi
  4 centaur warriors
  9 alligators
  3 dancing weapons (Elf:1)
  9 anacondas
  2 catoblepae (Lair:5)
  31 naga warriors
  11 death yaks
  A merfolk avatar (Lair:5)
  Urug (D:12)
  3 boulder beetles
  3 spriggan berserkers (Swamp:4)
  3 orc high priests (Orc:2)
  6 shock serpents
  The ghost of Eli the Nimble, a journeyman TeCj of Vehumet (D:11)
  A hell knight (Volcano)
  17 naga sharpshooters
  3 skysharks
  A skeletal warrior (D:14)
  9 salamander mystics
  5 goliath frogs
  3 spriggan druids
  5 naga ritualists
  9 swamp dragons
  2 wizards (D:14)
  4 bog bodies
  A harpy (Lair:5)
  4 orc knights (Orc:2)
  2 necromancers (D:14)
  4 deep elf archers (Elf:1)
  10 orc sorcerers
  3 deep elf zephyrmancers (Elf:1)
  3 manticores (Lair:5)
  4 cyclopes
  8 deep elf pyromancers
  42 salamanders
  3 ugly things (D:14)
  13 mana vipers
  3 will-o-the-wisps
  11 elephants
  32 black mambas
  22 naga magi
  A smoke demon (Orc:2)
  7 guardian serpents
  A torpor snail (Lair:5)
  A gargoyle (D:12)
  12 cane toads
  4 kobold demonologists
  5 rime drakes
  3 efreet
  9 komodo dragons
  A tengu conjurer (D:14)
  2 bloated husks (Swamp:4)
  7 hornets
  5 polar bears
  A hellwing (Orc:2)
  Grinder (D:6)
  6 tyrant leeches
  4 trolls
  5 dream sheep (Lair:5)
  3 wind drakes (Lair:5)
  26 blink frogs
  9 slime creatures
  4 wraiths
  5 spriggans
  A wyvern (shapeshifter) (D:14)
  A ynoxinul (Orc:2)
  71 yaks
  6 wyverns
  A culicivora (shapeshifter) (D:13)
  5 hogs (D:12)
  6 basilisks
  11 vampire mosquitoes
  5 steam dragons
  Edmund (D:5)
  22 swamp worms
  2 wargs
  2 chaos spawn (Orc:2)
  47 nagas
  10 water moccasins
  2 hell hounds (Gauntlet)
  An acid dragon (D:9)
  A floating eye (D:14)
  8 swamp drakes
  2 ice beasts
  A black bear (D:7)
  23 orc warriors
  7 ogres
  8 wolves
  2 boggarts (D:14)
  15 centaurs
  5 phantoms
  5 kobold brigands
  Blork the orc (D:4)
  A gnoll sergeant (D:10)
  15 bullfrogs
  2 scorpions
  5 wights
  5 killer bees (D:11)
  6 howler monkeys
  6 jellies
  20 orc priests
  5 hounds
  3 iron imps (D:6)
  2 sleepcaps
  Jessica (D:2)
  3 iguanas
  17 orc wizards
  Natasha (D:3)
  Robin (D:4)
  21 gnolls
  8 adders
  2 white imps
  An ufetubus (D:3)
  3 worms
  5 dart slugs
  62 orcs
  11 endoplasms
  3 giant cockroaches
  15 goblins
  16 hobgoblins
  8 jackals
  4 quokkas
  5 ball pythons
  5 bats
  3 frilled lizards (D:1)
  10 kobolds
  5 rats
1058 creatures vanquished.

Vanquished Creatures (collateral kills)
  A catoblepas (D:12)
  A salamander mystic (Volcano)
  3 salamanders (Volcano)
  A spriggan (Swamp:1)
  A naga (Snake:1)
7 creatures vanquished.

Vanquished Creatures (others)
  2 humans (D:12)
  A swamp worm (Gauntlet)
  A gnoll (D:8)
  2 orcs (D:12)
  A kobold (D:12)
  25 foxfires
  38 fulminant prisms
70 creatures vanquished.

Grand Total: 1135 creatures vanquished

Notes
Turn   | Place    | Note
-------+----------+-------------------------------------------
     0 | D:1      | thriggle the Barachi Ice Elementalist began the quest for
                  | the Orb.
     0 | D:1      | Reached XP level 1. HP: 13/13 MP: 3/3
   135 | D:1      | Reached XP level 2. HP: 19/20 MP: 1/5
   257 | D:1      | Reached skill level 5 in Ice Magic
   377 | D:1      | Found a faded altar of an unknown god.
   390 | D:1      | Prayed at the altar of an unknown god.
   390 | D:1      | Became a worshipper of Elyvilon the Healer
   390 | D:1      | Reached * piety under Elyvilon
   545 | D:1      | Reached skill level 1 in Armour
   610 | D:1      | Reached XP level 3. HP: 25/25 MP: 6/6
   639 | D:1      | Reached skill level 1 in Fighting
  1021 | D:2      | Learned a level 3 spell: Frozen Ramparts
  1084 | D:2      | Noticed Jessica
  1090 | D:2      | Killed Jessica
  1091 | D:2      | Reached skill level 1 in Short Blades
  1091 | D:2      | Reached XP level 4. HP: 32/32 MP: 5/7
  1140 | D:2      | You fall into a shaft and drop 2 floors!
  1162 | D:4      | Reached ** piety under Elyvilon
  1275 | D:2      | Learned a level 3 spell: Ozocubu's Armour
  1490 | D:2      | Reached XP level 5. HP: 20/38 MP: 9/9
  2058 | D:3      | Reached *** piety under Elyvilon
  2328 | D:3      | Found a faded altar of an unknown god.
  2328 | D:3      | Found a hazy altar of Hepliaklqana.
  2328 | D:3      | Found a faded altar of an unknown god.
  2692 | D:3      | Noticed Natasha
  2699 | D:3      | Killed Natasha
  2807 | D:4      | Reached skill level 1 in Invocations
  2807 | D:4      | Reached XP level 6. HP: 35/44 MP: 2/10
  2975 | D:4      | Noticed Blork the orc
  2987 | D:4      | Killed Blork the orc
  3190 | D:4      | Noticed Robin
  3210 | D:4      | Killed Robin
  3266 | D:4      | Noticed an orc warrior
  3287 | D:4      | Killed an orc warrior
  3288 | D:4      | Reached XP level 7. HP: 47/51 MP: 2/11
  3431 | D:4      | Reached **** piety under Elyvilon
  3873 | D:5      | Entered Level 5 of the Dungeon
  4315 | D:5      | Reached XP level 8. HP: 13/59 MP: 4/13
  4740 | D:5      | Noticed Edmund
  4768 | D:5      | Killed Edmund
  5344 | D:6      | Reached skill level 1 in Long Blades
  5367 | D:6      | Reached ***** piety under Elyvilon
  5723 | D:6      | Reached skill level 5 in Dodging
  5791 | D:5      | Reached XP level 9. HP: 52/66 MP: 15/15
  5865 | D:6      | Noticed Grinder
  5881 | D:6      | Paralysed by Grinder for 3 turns
  5896 | D:6      | Killed Grinder
  6020 | D:6      | Reached skill level 5 in Fighting
  6380 | D:6      | Found a staircase to the Ecumenical Temple.
  6399 | D:6      | Found a burning altar of Makhleb.
  6538 | D:7      | Learned a level 2 spell: Ensorcelled Hibernation
  7332 | D:8      | Reached skill level 5 in Spellcasting
  7341 | D:8      | Identified the +0 pair of gloves of Pan-Flutes {+Blink
                  | rPois rF+++ rC-}
  7343 | D:8      | Found a staircase to the Lair.
  7537 | D:8      | Reached skill level 5 in Armour
  7537 | D:8      | Reached skill level 5 in Stealth
  7623 | D:8      | Got Lom Lobon's Handbook of Nonlocality
  7632 | D:8      | Noticed a hornet
  7637 | D:8      | Paralysed by a hornet for 1 turns
  7642 | D:8      | Killed a hornet
  7643 | D:8      | Reached XP level 10. HP: 23/76 MP: 9/17
  8484 | D:9      | Found a stormy altar of Qazlal.
  8686 | D:9      | Found Habbuq's General Store.
  8691 | D:9      | Found Seruam's Specific Store.
  8982 | D:10     | Entered Level 10 of the Dungeon
  8991 | D:10     | Noticed a boulder beetle
  9044 | D:10     | Reached skill level 1 in Evocations
  9152 | D:10     | Reached skill level 1 in Conjurations
  9161 | D:10     | Reached skill level 1 in Hexes
  9191 | D:9      | Killed a boulder beetle
  9649 | D:10     | Found a staircase to the Orcish Mines.
  9820 | D:10     | Reached ****** piety under Elyvilon
  9982 | D:10     | Found Epsut's Book Shop.
 10085 | D:10     | Reached skill level 5 in Long Blades
 10404 | D:10     | Found a shimmering blue altar of Sif Muna.
 10404 | D:10     | Found a sparkling altar of Nemelex Xobeh.
 10795 | D:11     | Noticed a two-headed ogre
 10805 | D:11     | Noticed a two-headed ogre
 10812 | D:11     | Killed a two-headed ogre
 10813 | D:11     | Reached XP level 11. HP: 71/84 MP: 13/20
 10816 | D:11     | Killed a two-headed ogre
 10939 | D:11     | Noticed a centaur warrior
 10948 | D:11     | Reached XP level 12. HP: 92/92 MP: 20/22
 10967 | D:11     | Learned a level 2 spell: Searing Ray
 11004 | D:11     | Found a runed translucent gate.
 11005 | D:11     | Found a runed translucent gate.
 11006 | D:11     | Found a runed translucent gate.
 11011 | D:11     | Found a viscous altar of Jiyva.
 11011 | D:11     | Noticed Eli's ghost (journeyman TeCj)
 11155 | D:11     | Killed a centaur warrior
 11385 | D:11     | Identified the +2 pair of gloves of Dramatic Exits {rN+
                  | Will+ Str+3 Int-5}
 11595 | D:12     | Noticed Urug
 11623 | D:12     | HP: 1/93 [Urug/+3 eveningstar of protection (20)]
 11641 | D:12     | Killed Urug
 11642 | D:12     | Reached skill level 5 in Invocations
 11803 | D:12     | Noticed a sun demon
 11851 | D:12     | Identified a scroll of acquirement
 11851 | D:12     | Acquired the amulet "Feucimir" {Acrobat rElec Will+ Str+2
                  | Dex+3}
 12036 | D:12     | HP: 3/94 [slime creature (4)]
 12713 | D:12     | Learned a level 3 spell: Sigil of Binding
 12716 | D:12     | Learned a level 2 spell: Jinxbite
 12768 | D:12     | Gained mutation: Your system is resistant to poisons.
                  | (rPois) [potion of mutation]
 12985 | D:12     | Noticed Kirke
 13003 | D:12     | Killed Kirke
 13004 | D:12     | Reached skill level 5 in Conjurations
 13004 | D:12     | Reached skill level 5 in Hexes
 13405 | D:12     | Gained mutation: You can hop long distances. [Barachi
                  | growth]
 13405 | D:12     | Reached XP level 13. HP: 94/100 MP: 18/24
 13578 | D:12     | Learned a level 3 spell: Mephitic Cloud
 14353 | D:13     | Found a gate to the Vaults.
 14353 | D:13     | Noticed a vault guard
 14353 | D:13     | Noticed a vault guard
 14353 | D:13     | Noticed a vault guard
 14353 | D:13     | Noticed a vault guard
 14353 | D:13     | Noticed a vault guard
 14353 | D:13     | Noticed a vault guard
 14353 | D:13     | Noticed a vault guard
 14549 | D:13     | Killed a vault guard
 14645 | D:13     | Killed a vault guard
 14674 | D:13     | Killed a vault guard
 14970 | D:13     | HP: 3/101 [vault guard/+0 glaive (12)]
 14972 | D:13     | Killed a vault guard
 15297 | D:13     | Noticed a vault guard
 15682 | D:14     | Found a transporter.
 15684 | D:14     | Found the +2 cloak of the Thief {*Fog Slay-2 SInv Stlth+}
 15686 | D:14     | Found a shimmering blue altar of Sif Muna.
 16005 | D:14     | Elyvilon protects you from harm!
 16005 | D:14     | HP: 5/101 [skeletal warrior/+0 halberd (3)]
 16092 | D:14     | Reached skill level 5 in Evocations
 16162 | D:14     | Learned a level 4 spell: Fulminant Prism
 16669 | D:14     | Paralysed by a floating eye for 2 turns
 16673 | D:14     | Paralysed by a floating eye for 2 turns
 16740 | D:14     | Reached XP level 14. HP: 57/109 MP: 20/26
 16902 | D:14     | Found a transporter.
 17038 | D:13     | Reached skill level 10 in Ice Magic
 17347 | Lair:1   | Entered Level 1 of the Lair of Beasts
 17354 | Lair:1   | Learned a level 5 spell: Metabolic Englaciation
 17433 | Lair:1   | Identified the +0 robe "Nasaum" {Str+4}
 17691 | Lair:1   | HP: 4/109 [death yak (19)]
 18075 | Lair:1   | Found a radiant altar of Vehumet.
 18226 | Lair:1   | Reached skill level 10 in Fighting
 18742 | Lair:2   | Found a dark tunnel.
 18753 | Volcano  | Entered a volcano
 18771 | Volcano  | Found a radiant altar of Vehumet.
 18985 | Volcano  | Identified the +0 fire dragon scales of the Game of Life
                  | {rF++ rC- Stlth+}
 19500 | Lair:2   | Found a staircase to the Swamp.
 20093 | Lair:3   | Found a gate leading to a gauntlet.
 20104 | Gauntlet | Entered a Gauntlet
 20104 | Gauntlet | Found a transporter.
 20113 | Gauntlet | Found a transporter.
 20116 | Gauntlet | Found a transporter.
 20119 | Gauntlet | Found a transporter.
 20120 | Gauntlet | Found a transporter.
 20126 | Gauntlet | Found a transporter.
 20131 | Gauntlet | Found a transporter.
 20135 | Gauntlet | Found a transporter.
 20155 | Gauntlet | Found a transporter.
 20177 | Gauntlet | Found a transporter.
 20180 | Gauntlet | Found a transporter.
 20181 | Gauntlet | Found a runed translucent door.
 20188 | Gauntlet | Found a transporter.
 20338 | Gauntlet | Identified the +2 cloak "Nekaosch" {Rampage rElec Dex-3
                  | Stlth+}
 20403 | Gauntlet | Identified the amulet of the Invisible Hand {RegenMP +Inv
                  | rN+ Regen+}
 20907 | Lair:3   | Found a staircase to the Snake Pit.
 21291 | Lair:3   | Reached XP level 15. HP: 111/117 MP: 23/27
 21336 | Lair:3   | Reached skill level 1 in Air Magic
 21770 | Lair:3   | Reached skill level 10 in Armour
 21788 | Lair:3   | Learned a level 3 spell: Swiftness
 22151 | Lair:4   | Noticed Rupert
 22178 | Lair:3   | HP: 5/105 [Rupert/+2 great mace of draining (12)]
 22187 | Lair:3   | Killed Rupert
 22523 | Lair:4   | Found a viscous altar of Jiyva.
 22523 | Lair:4   | Found a staircase to the Slime Pits.
 22970 | Lair:4   | Upgraded the game from 0.31-a0-765-g67fe2935dc to
                  | 0.31-a0-771-g505c3d19dc
 23024 | Lair:5   | Entered Level 5 of the Lair of Beasts
 23252 | Lair:5   | Reached skill level 5 in Throwing
 23262 | Lair:5   | Reached skill level 10 in Dodging
 23661 | Lair:5   | Identified the ring of Winter {rElec rF++ MP+9 Str-5 Dex-2}
 23831 | Lair:5   | Reached skill level 10 in Long Blades
 24183 | Lair:5   | Reached skill level 5 in Air Magic
 24245 | Lair:5   | Reached XP level 16. HP: 124/125 MP: 29/29
 24251 | Lair:5   | Learned a level 4 spell: Airstrike
 24783 | Snake:1  | Entered Level 1 of the Snake Pit
 25107 | Snake:1  | Reached skill level 1 in Poison Magic
 25415 | Snake:1  | Noticed a nagaraja
 25679 | Snake:1  | Killed a nagaraja
 26645 | D:11     | Killed Eli's ghost
 26824 | Swamp:1  | Entered Level 1 of the Swamp
 27140 | Swamp:1  | HP: 1/126 [will-o-the-wisp/foxfire (26)]
 28571 | Swamp:3  | Noticed a thorn hunter
 28689 | Swamp:3  | Noticed Mlioglotl
 28708 | Swamp:3  | Gained mutation: You are dopey. (Int -2) [a neqoxec]
 28760 | Swamp:3  | Killed a thorn hunter
 28962 | Swamp:3  | Reached skill level 10 in Spellcasting
 29207 | Orc:1    | Entered Level 1 of the Orcish Mines
 29207 | Orc:1    | Found Aqis's General Store.
 29252 | Orc:1    | Bought a scroll of summoning for 133 gold pieces
 29252 | Orc:1    | Bought a potion of magic for 112 gold pieces
 29292 | Orc:2    | Entered Level 2 of the Orcish Mines
 29300 | Orc:1    | Noticed Harold
 29307 | Orc:1    | Killed Harold
 29316 | Orc:1    | Reached XP level 17. HP: 130/133 MP: 11/31
 29506 | Orc:2    | Learned a level 7 spell: Ozocubu's Refrigeration
 29544 | Orc:1    | Found a bloodstained altar of Trog.
 29684 | Orc:2    | Found a staircase to the Elven Halls.
 29801 | Orc:2    | Found Solamun's Distillery.
 29802 | Orc:2    | Found Jus Nec's Distillery.
 30113 | Orc:2    | Found Kimm's Jewellery Shoppe.
 30113 | Orc:2    | Found a one-way gate leading to the halls of Pandemonium.
 30113 | Orc:2    | Found Lojua's Antique Weapon Emporium.
 30129 | Orc:2    | Bought the ring "Akallutz" {+Blink Str+6 SInv} for 596 gold
                  | pieces
 30178 | Orc:2    | Bought a potion of curing for 39 gold pieces
 30178 | Orc:2    | Bought 2 potions of curing for 78 gold pieces
 30180 | Orc:2    | Bought a potion of resistance for 100 gold pieces
 30180 | Orc:2    | Bought a potion of heal wounds for 50 gold pieces
 30180 | Orc:2    | Bought a potion of heal wounds for 50 gold pieces
 30180 | Orc:2    | Bought a potion of heal wounds for 50 gold pieces
 30328 | Orc:2    | Found Xuosan Jeull's Book Shop.
 30328 | Orc:2    | Noticed a walking divine tome
 30328 | Orc:2    | Noticed a walking frostbound tome
 31137 | Snake:2  | Elyvilon protects you from harm!
 32692 | Snake:2  | Identified the +9 morningstar "Qayf" {freeze, rPois rN+
                  | Dex+4}
 34782 | Snake:3  | Reached XP level 18. HP: 117/142 MP: 2/32
 35551 | Snake:3  | Found Jyjehus's Assorted Antiques.
 35830 | Snake:3  | HP: 4/142 [salamander/+2 heavy trident (12)]
 36466 | Snake:3  | Reached skill level 10 in Stealth
 36846 | Snake:3  | Found Wyopru's Book Boutique.
 36856 | Snake:3  | Bought a book of Weapons for 476 gold pieces
 37148 | Snake:3  | Found Aguts's Jewellery Boutique.
 37267 | Snake:3  | Found Osow's Distillery.
 37469 | Snake:3  | Found Indra's Dragon-Slaying Spoils.
 37540 | Snake:4  | Entered Level 4 of the Snake Pit
 38203 | Snake:4  | HP: 3/142 [salamander/+0 halberd (5)]
 38203 | Snake:4  | HP: 1/142 [salamander (2)]
 38203 | Snake:4  | Elyvilon protects you from harm!
 40884 | Snake:4  | Reached skill level 10 in Air Magic
 44278 | Snake:4  | Got a serpentine rune of Zot
 44413 | Snake:4  | Reached XP level 19. HP: 136/149 MP: 15/34
 44418 | Snake:4  | Learned a level 3 spell: Tukima's Dance
 45187 | Snake:4  | Reached skill level 1 in Shields
 45664 | Swamp:3  | Killed Mlioglotl
 46538 | Swamp:4  | Entered Level 4 of the Swamp
 46538 | Swamp:4  | Noticed Louise
 46875 | Swamp:4  | Killed Louise
 47887 | Swamp:4  | Noticed the 27-headed Lernaean hydra
 48112 | Swamp:4  | Elyvilon protects you from harm!
 48117 | Swamp:4  | Elyvilon protects you from harm!
 48509 | Swamp:4  | Got a decaying rune of Zot
 48962 | Elf:1    | Entered Level 1 of the Elven Halls
 48979 | Elf:1    | Reached skill level 10 in Evocations
 48985 | Elf:1    | Found a radiant altar of Vehumet.
 49084 | Elf:1    | Found a magical portal.
 49087 | Elf:1    | Identified the amulet "Navu" {Spirit rF+}
 49089 | Elf:1    | Found Tateywal's Jewellery Boutique.
 49105 | WizLab   | Entered Yara's Duelist Academy
 49556 | WizLab   | Killed from afar by a spriggan air mage

Illustrated notes

Levels and vault maps discovered:
D:1:      amcnicky_arrival_single_pillar, layout_loops_ring,
          hellmonk_ecumenical_altar_inner_sanctum
D:2:      layout_basic, uniq_jessica
D:3:      layout_loops_cross, nicolae_hepliaklqana_ecumenical_no_more,
          uniq_natasha
D:4:      layout_loops_corners, hangedman_decor_slide_cut,
          guppyfry_early_orc_mine, uniq_blork_the_orc, uniq_robin
D:5:      layout_loops_ring, kennysheep_path_1, minmay_starry_boxes, uniq_edmund
D:6:      layout_basic, demons_altar, temple_statues, uniq_grinder
D:7:      layout_basic, hangedman_decor_clover_reticule
D:8:      layout_rooms, lair_entry_dummy
D:9:      layout_roguey, nicolae_qazlal_style_of_elements,
          nicolae_specific_store
D:10:     layout_basic, gammafunk_temple_overflow_elements, erik_orc_3,
          serial_shops, shop_statue, skrybe_limestone_x
D:11:     layout_basic, gammafunk_ghost_ooze
D:12:     layout_rooms, minmay_misc_feat_room, the_hattery, uniq_kirke,
          uniq_urug
D:13:     layout_long_grid, erik_vaults_2
D:14:     gammafunk_sealed_library, layout_irregular_city, nicolae_two_hexagons,
          serial_rivers, chequers_serial_rivers_micro_d,
          chequers_serial_rivers_micro_a, chequers_serial_rivers_large_a,
          chequers_serial_rivers_small_b
Lair:1:   layout_roguey, lemuel_centaur_altar, serial_bayou_shore_a
Lair:2:   layout_loops_ring, swamp_mist, nicolae_volcano_entry_two_sided,
          lemuel_fruit_tree
Lair:3:   layout_cave_pods, guppyfry_snake_entry_garden, gauntlet_entry_generic,
          minmay_stone_trees_medium
Lair:4:   layout_misc_corridors, slime_entry_1, grunt_megastairs_2, uniq_rupert
Lair:5:   gammafunk_lair_ancient_temple, layout_cave_pods
Swamp:1:  layout_basic_swamp, hangedman_swamp_lotus, infiniplex_staircase_pool
Swamp:2:  layout_basic_swamp, nicolae_swamp_some_circles
Swamp:3:  layout_basic_swamp, evilmike_swamp_ruin_house_3, uniq_mlioglotl
Swamp:4:  swamp_old_school, layout_basic_swamp, uniq_louise
Snake:1:  nicolae_snake_hallway, layout_chambers, nicolae_snake_coiling_death
Snake:2:  layout_misc_corridors, nicolae_snake_single_loop,
          nicolae_snake_storage_room
Snake:3:  layout_rooms, serial_shops, shop, nicolae_shop_gaudy_bauble,
          nicolae_shop_hallway_plus, shop, nicolae_shop_dragon_depot,
          grunt_megastairs_3
Snake:4:  grunt_snake_rune_spirals, layout_concentric_octagons,
          nicolae_snake_salamander_fort
Orc:1:    layout_diamond_mine, serial_shops, nicolae_shop_trees, basic_altar,
          uniq_harold
Orc:2:    pf_orc_diabolical, layout_caves, serial_shops,
          nicolae_shop_mannequins, nicolae_orc_stony_grotto
Elf:1:    eino_elf_arrival_altar, layout_loops_ring, serial_shops, shop,
          mu_enter_wizlab_1, minmay_elf_annihilation, minivault_25_ag
WizLab:   wizlab_yara

Skill      XL: |  1  2  3  4  5  6  7  8  9 10 11 12 13 14 15 16 17 18 19 |
---------------+----------------------------------------------------------+-----
Ice Magic      | 5 6 7 8 9 10 11 12 13 | 13.4
Stealth        | 2 3 4 5 6 7 8 9 10 | 10.8
Armour         | 1 2 3 5 6 7 8 9 10 11 12 13 | 13.0
Fighting       | 1 2 3 4 6 7 8 9 10 11 12 13 | 13.7
Short Blades   | 1 2 3 |  3.5
Dodging        | 3 4 5 6 7 8 9 10 11 12 | 12.4
Spellcasting   | 3 4 5 6 7 8 9 10 11 | 11.5
Invocations    | 1 2 3 4 5 6 7 8 9 |  9.7
Long Blades    | 1 4 5 6 7 8 9 10 11 12 | 12.8
Evocations     | 2 4 5 6 7 8 9 10 | 10.0
Conjurations   | 2 4 5 6 7 8 |  8.9
Hexes          | 2 4 5 6 7 8 |  8.7
Throwing       | 2 3 4 5 6 7 8 |  8.7
Air Magic      | 5 6 8 10 11 | 11.3
Poison Magic   | 2 |  2.9
Shields        | 3 |  3.1

Action                     |  1- 3 |  4- 6 |  7- 9 | 10-12 | 13-15 | 16-18 | 19-21 || total
---------------------------+-------+-------+-------+-------+-------+-------+-------++-------
  Melee: Unarmed           |    26 |       |       |       |       |       |       ||    26
         Punch             |     1 |     3 |     7 |     6 |    15 |    14 |     4 ||    50
         Short sword       |    47 |   207 |   163 |   121 |    27 |       |       ||   565
         Scimitar          |       |       |   305 |   252 |  1163 |  1202 |   292 ||  3214
  Throw: Stone             |       |     3 |     3 |     3 |       |       |       ||     9
         Boomerang         |       |     1 |     4 |     1 |       |    29 |       ||    35
         Dart              |       |       |       |     4 |    16 |     8 |       ||    28
         Throwing net      |       |       |       |     1 |     1 |       |       ||     2
         Javelin           |       |       |       |       |     3 |     7 |     9 ||    19
   Cast: Freeze            |    22 |       |     2 |     3 |       |       |       ||    27
         Frozen Ramparts   |       |     5 |    17 |    38 |   106 |   110 |     4 ||   280
         Ozocubu's Armour  |       |     4 |    17 |    31 |    57 |    73 |     5 ||   187
         Ensorcelled Hiber |       |       |     2 |    10 |    10 |     2 |       ||    24
         Searing Ray       |       |       |       |     4 |     6 |     9 |       ||    19
         Mephitic Cloud    |       |       |       |       |    16 |    23 |       ||    39
         Sigil of Binding  |       |       |       |       |     2 |       |       ||     2
         Jinxbite          |       |       |       |       |     1 |       |       ||     1
         Fulminant Prism   |       |       |       |       |    10 |    28 |       ||    38
         Metabolic Englaci |       |       |       |       |     1 |    14 |       ||    15
         Swiftness         |       |       |       |       |     1 |     4 |       ||     5
         Airstrike         |       |       |       |       |       |   299 |   115 ||   414
         Ozocubu's Refrige |       |       |       |       |       |    45 |    21 ||    66
 Invoke: Heal Self         |       |       |     2 |     6 |     6 |     3 |     1 ||    18
         Purification      |       |       |     2 |       |     2 |     4 |       ||     8
         Heal Other        |       |       |       |       |     1 |       |       ||     1
Ability: Hop               |       |       |       |     5 |     6 |    16 |     5 ||    32
         Evoke Invisibilit |       |       |       |       |       |     1 |       ||     1
  Evoke: Wand              |       |       |       |     3 |    15 |     9 |     9 ||    36
         Phial of floods   |       |       |       |       |       |     1 |       ||     1
    Use: Scroll            |       |     7 |     9 |     8 |    14 |    12 |     4 ||    54
         Potion            |       |     4 |     1 |     6 |    12 |    15 |     6 ||    44
   Stab: Sleeping          |     6 |     2 |     5 |     9 |    13 |    16 |     3 ||    54
         Distracted        |       |       |     1 |       |       |     2 |       ||     3
         Confused          |       |       |       |       |     5 |    15 |       ||    20
         Petrified         |       |       |       |       |     3 |       |       ||     3
         Invisible         |       |       |       |       |     1 |       |       ||     1
 Armour: Robe              |    23 |    95 |    18 |       |       |       |       ||   136
         Ring mail         |       |       |   213 |   288 |   691 |   995 |   261 ||  2448
         Fire dragon scale |       |       |       |       |   102 |       |       ||   102
  Dodge: Dodged            |    94 |   195 |   426 |   491 |  1529 |  1365 |   405 ||  4505
  Block: Tower shield      |       |       |       |       |       |       |    59 ||    59

Table legend: (Time is in decaauts)
 A = Elapsed time spent in this place.
 B = Non-inter-level travel time spent in this place.
 C = Inter-level travel time spent in this place.
 D = Time resting spent in this place.
 E = Time spent auto-exploring this place.
 F = Levels seen in this place.
 G = Mean time per level.
                   A        B        C        D        E       F      G
               +--------+--------+--------+--------+--------+-----+--------+
         Total |  53872 |  50599 |   3273 |  14066 |  19270 |  33 | 1632.5 |
       Dungeon |  19675 |  18506 |   1169 |   1498 |  11295 |  14 | 1405.4 |
          Lair |   7621 |   6807 |    814 |    664 |   3258 |   5 | 1524.2 |
         Swamp |   5788 |   5431 |    357 |   1944 |   1374 |   4 | 1447.0 |
     Snake Pit |  17262 |  16481 |    781 |   9064 |   2458 |   4 | 4315.5 |
  Orcish Mines |   1695 |   1545 |    150 |    124 |    857 |   2 |  847.5 |
   Elven Halls |    152 |    152 |      0 |      0 |      0 |   1 |  152.0 |
       Volcano |    375 |    375 |      0 |    100 |      2 |   1 |  375.0 |
        Wizlab |    454 |    454 |      0 |    348 |      0 |   1 |  454.0 |
      Gauntlet |    846 |    846 |      0 |    322 |     25 |   1 |  846.0 |
               +--------+--------+--------+--------+--------+-----+--------+

Top non-repeatable levels by time:
 Snake:4: 6554 daAuts
 Snake:2: 4872 daAuts
 Snake:3: 3195 daAuts
 Snake:1: 2640 daAuts
    D:12: 2556 daAuts
    D:14: 2131 daAuts
 Swamp:3: 1918 daAuts
    D:10: 1860 daAuts
  Lair:3: 1788 daAuts
  Lair:5: 1771 daAuts
  Lair:1: 1742 daAuts
 Swamp:4: 1689 daAuts
     D:5: 1663 daAuts
  Lair:2: 1587 daAuts
    D:13: 1434 daAuts
